 Dungeon Crawl Stone Soup version 0.23.1-37-gaa34b87b72 (webtiles) character file.

Game seed: 919751352552741616

36912 Chiseanne the Fighter (level 13, -13/108 HPs)
             Began as a Demonspawn Wanderer on Mar 24, 2019.
             Was an Initiate of Gozag.
             Mangled by an ettin
             ... wielding a +0 dire flail
              (29 damage)
             ... on level 2 of the Orcish Mines.
             The game lasted 00:49:57 (15441 turns).

Chiseanne the Fighter (Demonspawn Wanderer)        Turns: 15441, Time: 00:49:57

Health: -13/108    AC: 31    Str: 20    XL:     13   Next: 55%
Magic:  0/24       EV: 17    Int: 15    God:    Gozag
Gold:   1271       SH:  0    Dex: 17    Spells: 22/27 levels left

rFire    . . .     SeeInvis +   a - +6 halberd (elec)
rCold    + . .     Gourm    .   (shield currently unavailable)
rNeg     . . .     Faith    .   V - +6 ice dragon scales of Liberty {rF- rC++ Dex+2 SInv}
rPois    +         Spirit   +   (helmet restricted)
rElec    .         Reflect  .   Q - +2 cloak {rPois}
rCorr    .         Harm     .   g - +0 pair of gloves
MR       .....                  y - +2 pair of boots {Stlth+}
Stlth    +.........             v - amulet of the acrobat
HPRegen  0.28/turn              D - +6 ring of strength
MPRegen  0.19/turn              Z - ring of fire

@: no status effects
A: horns 2, thin metallic scales 2, demonic guardian 1, magic shield
a: Potion Petition, Call Merchant, Bribe Branch, Renounce Religion


You were on level 2 of the Orcish Mines.
You worshipped Gozag.
Gozag was most pleased with you.
You were not hungry.

You visited 2 branches of the dungeon, and saw 16 of its levels.
You also visited: Bailey and Ice Cave.

You collected 3935 gold pieces.
You spent 1877 gold pieces at shops.
You paid 787 gold pieces to Gozag.

Inventory:

Hand Weapons
 a - a +6 halberd of electrocution (weapon)
 r - the +3 morningstar of the Radish {vamp, Fragile rElec Int+5}
   (You bought it in a shop on level 9 of the Dungeon)

   It inflicts no extra harm, but heals its wielder when it wounds a living foe.
   It affects your intelligence (+5).
   It insulates you from electricity.
   It will be destroyed if unequipped.
 s - a +5 scimitar of flaming
 w - a +0 blowgun
Missiles
 k - 394 arrows
 m - 93 bolts
 x - 112 sling bullets
 C - 6 javelins of penetration (quivered)
 G - 6 tomahawks of dispersal
 H - 71 tomahawks of returning
 I - 8 tomahawks
 Y - 5 exploding tomahawks
Armour
 g - a +0 pair of gloves (worn)
 n - the +0 pair of boots of Hopscotch {rPois}
   (You bought it in a shop on level 8 of the Dungeon)

   It protects you from poison.
 o - the +1 robe "Sykof" {rPois MP+9 Dex+2}
   (You bought it in a shop on level 10 of the Dungeon)

   It affects your dexterity (+2).
   It protects you from poison.
   It affects your magic capacity (+9).
 y - a +2 pair of boots of stealth (worn)
 Q - a +2 cloak of poison resistance (worn)
 T - a +2 scale mail of poison resistance
 V - the +6 ice dragon scales of Liberty (worn) {rF- rC++ Dex+2 SInv}
   (You found it in an ice cave)

   It affects your dexterity (+2).
   It makes you vulnerable to fire.
   It greatly protects you from cold.
   It lets you see invisible.
Jewellery
 e - an uncursed ring of positive energy
 v - an amulet of the acrobat (around neck)
 D - a +6 ring of strength (left hand)
 Z - a ring of fire (right hand)
Wands
 i - a wand of flame (44)
 E - a wand of enslavement (5)
 J - a wand of iceblast (14)
 K - a wand of paralysis (5)
 M - a wand of clouds (4)
 X - a wand of acid (7)
Scrolls
 b - 2 scrolls of remove curse
 c - 2 scrolls of amnesia
 j - 2 scrolls of fog
 q - 5 scrolls of fear
 t - 3 scrolls of teleportation
 A - a scroll of identify
 B - 3 scrolls of immolation
 O - a scroll of silence
 W - a scroll of summoning
Potions
 d - 7 potions of curing
 l - 3 potions of brilliance
 p - 5 potions of might
 u - 3 potions of flight
 z - a potion of heal wounds
 F - 2 potions of agility
 L - 3 potions of cancellation
 N - 5 potions of magic
 P - 5 potions of mutation
 R - a potion of invisibility
 S - 3 potions of berserk rage
Miscellaneous
 h - a sack of spiders
 U - a fan of gales
Comestibles
 f - 15 rations


   Skills:
 * Level 12.1 Fighting
 - Level 1.7 Maces & Flails
   Level 5.5 Bows
 * Level 11.2 Armour
 * Level 11.0 Dodging
 - Level 7.9 Spellcasting
 - Level 2.0 Evocations


You had 22 spell levels left.
You knew the following spells:

 Your Spells              Type           Power        Failure   Level  Hunger
a - Poisonous Vapours     Pois/Air       #.....       45%         2    None
b - Mephitic Cloud        Conj/Pois/Air  #.......     71%         3    ##.....

Your spell library contained the following spells:

 Spells                   Type           Power        Failure   Level  Hunger
 Conjure Flame            Conj/Fire      #.......     71%         3    ##.....
 Bolt of Magma            Conj/Fire/Erth #.........   100%        5    #####..
 Iskenderun's Battlesphe  Conj/Chrm      #.......     100%        5    #####..
 Venom Bolt               Conj/Pois      #.........   100%        5    #####..
 Freezing Cloud           Conj/Ice/Air   #.........   100%        6    #######
 Iron Shot                Conj/Erth      #.........   100%        6    #######
 Orb of Destruction       Conj           #.........   100%        7    #######
 Ring of Flames           Chrm/Fire      #.........   100%        7    #######
 Spellforged Servitor     Conj/Summ      #.........   100%        7    #######


Dungeon Overview and Level Annotations

Branches:
Dungeon (14/15)            Temple (0/1) D:7            Lair (0/6) D:11
    Orc (2/2) D:11
    Elf: Orc:2       Vaults: D:13-14

Altars:
Ashenzari
Gozag
Nemelex Xobeh
Ru
Trog
Uskayaw
Vehumet
Beogh

Shops:
D:7 *   D:8 [   D:9 *   D:10 !?[[%   D:13 [(

Portals:
Trove: D:11 (give horn of Geryon)

Annotations:
D:14 Azrael


Innate Abilities, Weirdness & Mutations

You have a pair of horns on your head.
You are mostly covered in thin metallic scales. (AC +3)
A weak demonic guardian rushes to your aid.
When hurt, damage is shared between your health and your magic reserves.


Message History

You are too injured to fight recklessly!
You impale the ettin!! You headbutt the ettin!
The ettin is severely wounded.
The ettin misses you. The ettin closely misses you.
The orc wizard gestures wildly while chanting.
The orc wizard blinks!
The orc warrior closely misses you.
The orc wizard hits you but does no damage.
The orc wizard hits your shadow imp with a +0 vampiric dagger.
The ettin hits you but does no damage.
The ettin hits you with a +0 dire flail!
You completely miss the ettin.
The ettin is severely wounded.
The orc wizard hits your shadow imp but does no damage.
The orc warrior hits you with a cursed -3 battleaxe.
The orc wizard completely misses you.
The ettin hits you with a +0 dire flail!!
* * * LOW HITPOINT WARNING * * *
The ettin hits you with a +0 dire flail!!
You die...
Your body crumbles into a pile of gold.

###+###### ##### #.....#..###...#
#≈≈ $ #....C#.o.....### ≈≈#≈
#..⌠oo@5........# ≈≈≈≈
#....o#5........###≈≈≈≈
#.....#.........P♣.≈≈≈≈ ###
#######.............≈≈≈
...##.................♣...≈
#......................P♣ ###
#............##........##
##.###............###......####
###...###...<......##...#.......♣


You could see an ettin, an orc warrior, 2 orc wizards, an orc, a friendly iron
imp and a friendly shadow imp.

Vanquished Creatures
  2 hydras (D:12)
  A satyr (D:13)
  3 two-headed ogres
  Erica (D:8)
  An unseen horror (D:11)
  5 skeletal warriors
  4 ugly things
  A cyclops (D:12)
  An orc sorcerer (Orc:1)
  A deep elf mage (D:14)
  Grum (D:9)
  A faun (Bailey)
  A gargoyle (D:11)
  Psyche (D:8)
  An ice statue (IceCv)
  A rime drake (D:13)
  2 freezing wraiths (D:13)
  2 trolls (D:12)
  2 merfolk
  6 slime creatures (D:13)
  4 hippogriffs
  A redback (D:8)
  2 wraiths (D:13)
  3 yaks
  Eustachio (D:6)
  A fire elemental (D:13)
  4 hungry ghosts
  A steam dragon (D:12)
  Menkaure (D:4)
  2 acid dragons
  2 hell hounds
  5 black bears
  9 ice beasts
  11 orc warriors
  3 sky beasts
  A phantom (D:6)
  A necrophage (D:14)
  9 ogres
  15 centaurs
  An eye of draining (shapeshifter) (D:13)
  2 crocodiles
  A big kobold (D:11)
  5 bullfrogs
  3 scorpions
  18 killer bees
  4 wights
  4 howler monkeys
  2 jellies
  4 bullfrog zombies
  2 crimson imps
  Crazy Yiuf (D:2)
  5 hounds
  16 orc wizards
  7 orc priests
  2 centaur skeletons
  4 iguanas
  3 bullfrog skeletons
  7 worker ants
  A killer bee zombie (D:9)
  A hound skeleton (D:11)
  21 gnolls
  13 adders
  A howler monkey skeleton (D:7)
  2 oozes
  A worm (D:2)
  6 dart slugs
  4 leopard geckos
  65 orcs
  A giant cockroach (D:1)
  9 hobgoblins
  6 jackals
  4 quokkas
  2 ball pythons (D:1)
  10 bats
  3 frilled lizards
  12 goblins
  24 kobolds
  A quokka zombie (D:5)
  14 rats
406 creatures vanquished.

Vanquished Creatures (collateral kills)
  Fannar (D:12)
  A deep troll (D:13)
  An ugly thing (D:12)
  A centaur zombie (D:12)
  A rime drake (D:13)
  A troll (Orc:2)
  A hippogriff (D:7)
  3 yaks (D:12)
  2 ogres (Orc:2)
  3 wolves (D:9)
  A big kobold (D:14)
  A wyvern skeleton (D:9)
  A bullfrog skeleton (D:7)
  An adder (D:9)
  7 orcs
  A kobold (D:14)
27 creatures vanquished.

Vanquished Creatures (others)
  2 slime creatures (D:13)
  An electric eel (D:14)
  A hound (D:12)
  An orc priest (D:13)
  An orc (Orc:1)
6 creatures vanquished.

Grand Total: 439 creatures vanquished

Notes
Turn   | Place    | Note
-------+----------+-------------------------------------------
     0 | D:1      | Chiseanne the Demonspawn Wanderer began the quest for the
                  | Orb.
     0 | D:1      | Chiseanne set off with the following items: a +2 shortbow,
                  | 24 arrows, a +0 ring mail, a potion of curing, a ration
     0 | D:1      | Reached XP level 1. HP: 16/16 MP: 2/2
   150 | D:1      | Gained mutation: You are partially covered in thin metallic
                  | scales. (AC +2) [demonic ancestry]
   150 | D:1      | Reached XP level 2. HP: 22/22 MP: 3/3
   460 | D:1      | Reached skill level 1 in Dodging
   471 | D:1      | Reached XP level 3. HP: 27/28 MP: 4/4
   859 | D:2      | Reached XP level 4. HP: 34/34 MP: 5/5
  1062 | D:2      | Found a runed translucent door.
  1063 | D:2      | Noticed Crazy Yiuf
  1079 | D:2      | Killed Crazy Yiuf
  1079 | D:2      | Reached skill level 3 in Fighting
  1408 | D:2      | Reached XP level 5. HP: 41/41 MP: 6/6
  2598 | D:4      | Noticed Menkaure
  2607 | D:4      | Killed Menkaure
  2607 | D:4      | Gained mutation: A weak demonic guardian rushes to your
                  | aid. [demonic ancestry]
  2607 | D:4      | Reached XP level 6. HP: 48/48 MP: 7/7
  2906 | D:4      | Reached skill level 4 in Fighting
  3192 | D:5      | Entered Level 5 of the Dungeon
  3258 | D:5      | Found a bloodstained altar of Trog.
  3514 | D:5      | Reached XP level 7. HP: 54/54 MP: 8/8
  3562 | D:6      | Noticed Eustachio
  3570 | D:6      | Killed Eustachio
  3761 | D:6      | Found a shattered altar of Ashenzari.
  4286 | D:6      | Found a sparkling altar of Nemelex Xobeh.
  4289 | D:6      | Found a radiant altar of Vehumet.
  4291 | D:6      | Found an opulent altar of Gozag.
  4295 | D:6      | Became a worshipper of Gozag Ym Sagoz the Greedy
  4421 | D:7      | Noticed a hippogriff
  4435 | D:7      | Killed a hippogriff
  4435 | D:7      | Reached skill level 5 in Fighting
  4435 | D:7      | Gained mutation: You are mostly covered in thin metallic
                  | scales. (AC +3) [demonic ancestry]
  4435 | D:7      | Reached XP level 8. HP: 41/62 MP: 9/9
  4846 | D:7      | Found a hide-covered altar of Uskayaw.
  4971 | D:7      | Found Siec's General Store.
  4982 | D:7      | Bought a potion of magic for 88 gold pieces
  4982 | D:7      | Bought a scroll of silence for 82 gold pieces
  4982 | D:7      | Bought a scroll of immolation for 38 gold pieces
  5011 | D:7      | Reached skill level 5 in Armour
  5104 | D:7      | Found a staircase to the Ecumenical Temple.
  5200 | D:8      | Found Haudghog's Antique Armour Shoppe.
  5204 | D:8      | Bought a pair of gloves for 99 gold pieces
  5218 | D:8      | Reached skill level 5 in Bows
  5241 | D:8      | Found a flagged portal.
  5260 | Bailey   | Entered a bailey
  5433 | Bailey   | Noticed an orc knight
  5444 | Bailey   | Noticed a two-headed ogre
  5444 | Bailey   | an orc knight changed into a two-headed ogre
  5445 | Bailey   | Noticed a faun
  5445 | Bailey   | a two-headed ogre changed into a faun
  5449 | Bailey   | Killed a faun
  5449 | Bailey   | Reached skill level 6 in Fighting
  5449 | Bailey   | Reached skill level 5 in Dodging
  5584 | D:8      | Noticed Erica
  5620 | D:8      | Noticed Harold
  5633 | D:8      | Noticed Harold
  5633 | D:8      | Harold changed into Harold the redback
  5638 | D:8      | Killed Harold the redback
  5638 | D:8      | Reached XP level 9. HP: 60/69 MP: 10/10
  5759 | D:8      | Noticed Psyche
  5763 | D:8      | Killed Psyche
  5851 | D:9      | Noticed Grum
  5862 | D:8      | Killed Erica
  5862 | D:8      | Reached skill level 7 in Fighting
  5905 | D:8      | Bought a pair of encrusted boots for 209 gold pieces
  5916 | D:8      | Identified the cursed +0 pair of boots of Hopscotch {rPois}
                  | (You bought it in a shop on level 8 of the Dungeon)
  6316 | D:9      | Found Wauw's Assorted Antiques.
  6347 | D:9      | Bought a transparent morningstar for 180 gold pieces
  6347 | D:9      | Bought a sedimented dark potion for 18 gold pieces
  6348 | D:9      | Identified the +3 morningstar of the Radish {vamp, Fragile
                  | rElec Int+5} (You bought it in a shop on level 9 of the
                  | Dungeon)
  6450 | D:9      | Gained mutation: When hurt, damage is shared between your
                  | health and your magic reserves. [demonic ancestry]
  6450 | D:9      | Reached XP level 10. HP: 73/80 MP: 11/11
  6476 | D:9      | Found a sacrificial altar of Ru.
  6517 | D:9      | Killed Grum
  6517 | D:9      | Reached skill level 8 in Fighting
  6600 | D:9      | Noticed a two-headed ogre
  6609 | D:9      | Killed a two-headed ogre
  7286 | D:10     | Entered Level 10 of the Dungeon
  7576 | D:10     | Found Betrut's Magic Scroll Emporium.
  7579 | D:10     | Bought a scroll of blinking for 112 gold pieces
  7579 | D:10     | Bought a scroll of summoning for 142 gold pieces
  7579 | D:10     | Bought 3 scrolls of identify for 90 gold pieces
  7629 | D:10     | Found Naddaxt's Distillery.
  7670 | D:10     | Found Herus's Antique Armour Boutique.
  7760 | D:10     | Found Eczij's Food Boutique.
  7866 | D:10     | Reached skill level 9 in Fighting
  7907 | D:10     | Found Goirich's Armour Shoppe.
  8370 | D:10     | Bought a potion of agility for 60 gold pieces
  8370 | D:10     | Bought a potion of brilliance for 60 gold pieces
  8370 | D:10     | Bought a potion of curing for 45 gold pieces
  8438 | D:11     | Noticed a purple ugly thing
  8462 | D:11     | Killed a white ugly thing
  8623 | D:11     | Noticed a brown ugly thing
  8635 | D:11     | Killed a brown ugly thing
  8641 | D:11     | Reached XP level 11. HP: 77/89 MP: 10/12
  8743 | D:11     | Killed an unseen horror
  8815 | D:11     | Found a staircase to the Orcish Mines.
  8816 | D:11     | Found a staircase to the Lair.
  9304 | D:11     | Reached skill level 10 in Fighting
  9311 | D:11     | Found a portal to a secret trove of treasure.
  9467 | D:11     | Gained mutation: You have a pair of small horns on your
                  | head. [demonic ancestry]
  9467 | D:11     | Reached XP level 12. HP: 97/97 MP: 12/23
  9569 | D:12     | Noticed a six-headed hydra
  9580 | D:12     | Killed a one-headed hydra
  9585 | D:12     | Noticed a six-headed hydra
  9608 | D:12     | Killed a one-headed hydra
 10382 | D:8      | Bought a fine scale mail for 198 gold pieces
 10383 | D:8      | Identified the +3 scale mail of Pigippal {rElec rF- Str+2}
                  | (You bought it in a shop on level 8 of the Dungeon)
 10674 | D:12     | Noticed Fannar
 10847 | D:12     | Killed Fannar
 11119 | D:13     | Found a frozen archway.
 11137 | IceCv    | Entered an ice cave
 11244 | IceCv    | Reached skill level 10 in Armour
 11401 | IceCv    | Got heavily runed ice dragon scales
 11497 | IceCv    | Identified the +6 ice dragon scales of Liberty {rF- rC++
                  | Dex+2 SInv} (You found it in an ice cave)
 11557 | D:13     | Found Sawkyged's Antique Armour Shop.
 11564 | D:13     | Bought a pair of embroidered boots for 285 gold pieces
 11588 | D:13     | Got an ichor-stained ring mail
 11627 | D:13     | Reached skill level 11 in Fighting
 11685 | D:13     | Reached skill level 10 in Dodging
 12209 | D:13     | Gained mutation: You have a pair of horns on your head.
                  | [demonic ancestry]
 12209 | D:13     | Reached XP level 13. HP: 74/106 MP: 17/24
 13335 | D:10     | Identified the cursed +1 ring mail of Lies {+Blink rC+}
                  | (You found it on level 13 of the Dungeon)
 13348 | D:10     | Bought a wizard robe for 171 gold pieces
 13359 | D:10     | Identified the +1 robe "Sykof" {rPois MP+9 Dex+2} (You
                  | bought it in a shop on level 10 of the Dungeon)
 13362 | D:10     | Learned a level 2 spell: Poisonous Vapours
 13366 | D:10     | Learned a level 3 spell: Mephitic Cloud
 14250 | D:14     | Noticed Azrael
 14431 | Orc:1    | Entered Level 1 of the Orcish Mines
 14441 | Orc:1    | Found a roughly hewn altar of Beogh.
 14961 | Orc:2    | Entered Level 2 of the Orcish Mines
 14976 | Orc:2    | Reached skill level 12 in Fighting
 15437 | Orc:2    | Noticed an ettin
 15441 | Orc:2    | Mangled by an ettin

Skill      XL: |  1  2  3  4  5  6  7  8  9 10 11 12 13 |
---------------+----------------------------------------+-----
Bows           | 2 3 4 5 |  5.5
Armour         | 2 3 4 5 7 8 9 10 11 | 11.2
Dodging        | 1 2 3 4 5 6 8 10 11 | 11.0
Fighting       | 3 4 5 6 7 9 10 11 12 | 12.1
Spellcasting   | 7 |  7.9
Maces & Flails | |  1.7
Evocations     | |  2.0

Action                   |  1- 3 |  4- 6 |  7- 9 | 10-12 | 13-15 || total
-------------------------+-------+-------+-------+-------+-------++-------
Melee: Dagger            |    56 |   208 |   172 |       |       ||   436
       Halberd           |       |       |    77 |   476 |   272 ||   825
       Scimitar          |       |       |       |    23 |       ||    23
       Headbutt          |       |       |       |    51 |    63 ||   114
 Fire: Shortbow          |    36 |       |    10 |       |       ||    46
       Blowgun           |       |       |       |     1 |       ||     1
Invok: Call Merchant     |       |       |       |       |     1 ||     1
Evoke: Wand              |       |     2 |    20 |    20 |    23 ||    65
       Box of beasts     |       |       |       |     1 |       ||     1
  Use: Scroll            |     4 |     8 |    11 |    14 |     3 ||    40
       Potion            |     1 |     1 |     1 |     8 |       ||    11
 Stab: Paralysed         |       |     7 |     4 |     3 |       ||    14
       Distracted        |       |       |     6 |     5 |     3 ||    14
  Eat: Chunk             |       |    19 |     2 |       |       ||    21
       Ration            |       |       |       |     6 |     4 ||    10
Armor: Ring mail         |    36 |   101 |    75 |       |       ||   212
       Scale mail        |       |       |    38 |   235 |       ||   273
       Ice dragon scales |       |       |       |    65 |   215 ||   280
       Robe              |       |       |       |    16 |       ||    16
Dodge: Dodged            |    57 |   115 |   204 |   636 |   404 ||  1416
       Rpst.: Scimitar   |       |       |       |     6 |       ||     6
